 Dungeon Crawl Stone Soup version 0.21.1-1-g345015fe64 (webtiles) character file.

241398 DildoBatman the Geomancer (level 20, -7/140 HPs)
             Began as a Formicid Wizard on May 30, 2018.
             Was the Champion of Sif Muna.
             Killed from afar by a merfolk aquamancer (14 damage)
             ... with a shard of ice
             ... on level 4 of the Shoals.
             The game lasted 03:43:45 (41088 turns).

DildoBatman the Geomancer (Formicid Wizard)        Turns: 41088, Time: 03:43:46

Health: -7/140     AC: 31    Str: 18    XL:     20   Next: 13%
Magic:  1/34       EV: 13    Int: 32    God:    Sif Muna [******]
Gold:   1297       SH: 13    Dex:  9    Spells: 3/39 levels left

rFire    + + .     SeeInvis +   a - +10 shortbow of Past Mistakes {freeze, Int+3}
rCold    + + .     Gourm    +   p - +2 shield of Resistance {rF+ rC+ MR+}
rNeg     . . .     Faith    .   o - +4 troll leather armour
rPois    +         Spirit   .   (helmet unavailable)
rElec    .         Reflect  .   c - scarf {rC+ rF+}
rCorr    .         Harm     .   G - +2 pair of gloves of the Thunderstorm {rPois Regen+ Str+2}
MR       +++..     Clarity  +   B - +2 pair of boots {Fly}
Stlth    ++++......             g - amulet of the gourmand
HPRegen  1.13/turn              j - +3 ring of protection
MPRegen  0.24/turn              y - ring "Dullozif" {AC+3 Int+6}

@: icy armour, flying, very slightly contaminated, invisible, no casting, slow
A: permanent stasis, dig shafts and tunnels, four strong arms, antennae 3,
clarity, mutation resistance 1, poison resistance, no potion heal 1
}: 2/15 runes: serpentine, barnacled
a: Dig, Shaft Self, Stop Divine Energy, Channel Magic, Forget Spell, Renounce
Religion, Stop Flying


You were on level 4 of the Shoals.
You worshipped Sif Muna.
Sif Muna was exalted by your worship.
You were not hungry.

You visited 6 branches of the dungeon, and saw 32 of its levels.
You visited 1 bazaar.
You also visited: Labyrinth and Ice Cave.

You collected 3903 gold pieces.
You spent 2606 gold pieces at shops.

Inventory:

Hand Weapons
 a - the +10 shortbow of Past Mistakes (weapon) {freeze, Int+3}
   (You found it in a labyrinth)

   It causes projectiles fired from it to freeze those they strike, causing
   extra injury to most foes and up to half again as much damage against
   particularly susceptible opponents.
   They can also slow down cold-blooded creatures.
   It affects your intelligence (+3).
 b - a +2 demon trident of electrocution
 U - a +1 demon trident of venom
Missiles
 f - 4 throwing nets
 i - 117 stones
 l - 224 sling bullets
 n - 793 arrows (quivered)
 s - 18 bolts
 E - 12 poisoned needles
Armour
 c - a scarf of resistance (worn)
 d - the +2 leather armour of the Failed Coup {MR+ MP+9 Int+2}
   (You found it on level 8 of the Dungeon)

   It affects your intelligence (+2).
   It affects your resistance to hostile enchantments.
   It affects your magic capacity (+9).
 o - a +4 troll leather armour (worn)
 p - the +2 shield of Resistance (worn) {rF+ rC+ MR+}
   (You bought it in a shop on level 2 of the Snake Pit)

   It protects you from fire.
   It protects you from cold.
   It affects your resistance to hostile enchantments.
 u - a +2 pair of boots of running
 B - a +2 pair of boots of flying (worn)
 G - the +2 pair of gloves of the Thunderstorm (worn) {rPois Regen+ Str+2}
   (You found it in a labyrinth)

   It affects your strength (+2).
   It protects you from poison.
   It increases your rate of regeneration.
 P - the +0 pair of boots "Fipit" {rElec Int+3}
   (You bought it in a shop on level 4 of the Snake Pit)

   It affects your intelligence (+3).
   It insulates you from electricity.
Magical Staves
 T - an uncursed staff of energy {unknown}
Jewellery
 g - an amulet of the gourmand (around neck)
 j - a +3 ring of protection (left hand)
 r - an uncursed amulet of regeneration
 y - the ring "Dullozif" (right hand) {AC+3 Int+6}
   (You found it on level 3 of the Lair of Beasts)

   [ring of protection]

   It affects your AC (+3).
   It affects your intelligence (+6).
 H - an uncursed ring of protection from magic
 L - an uncursed ring of protection from fire
Wands
 e - a wand of paralysis (39)
 A - a wand of flame (28)
 F - a wand of disintegration (11)
 I - a wand of acid (37)
 X - a wand of scattershot (4)
Scrolls
 t - 2 scrolls of enchant armour
 w - 5 scrolls of fear
 x - 19 scrolls of remove curse
 z - 11 scrolls of identify
 C - 8 scrolls of magic mapping
 D - a scroll of enchant weapon
 J - a scroll of vulnerability
 K - 2 scrolls of immolation
 M - 4 scrolls of fog
 O - a scroll of noise {unknown}
 Q - 4 scrolls of summoning
Potions
 m - 5 potions of curing
 R - 2 potions of lignification {unknown}
 S - 2 potions of mutation
Books
 q - a book of Misfortune

   Spells                             Type                      Level
   a - Confusing Touch                Hexes                        1
   b - Confuse                        Hexes                        3
   c - Gell's Gravitas                Translocation                3
   d - Petrify                        Transmutation/Earth          4
   e - Metabolic Englaciation         Hexes/Ice                    5
   f - Yara's Violent Unravelling     Hexes/Transmutation          5
 N - a book of Death

   Spells                             Type                      Level
   a - Corpse Rot                     Necromancy                   2
   b - Sublimation of Blood           Necromancy                   2
   c - Agony                          Necromancy                   5
   d - Dispel Undead                  Necromancy                   5
   e - Excruciating Wounds            Charms/Necromancy            5
   f - Bolt of Draining               Conjuration/Necromancy       5
 W - a Necronomicon

   Spells                             Type                      Level
   a - Haunt                          Necromancy/Summoning         7
   b - Borgnjor's Revivification      Necromancy                   8
   c - Death's Door                   Charms/Necromancy            8
   d - Infestation                    Necromancy                   8
   e - Necromutation                  Transmutation/Necromancy     8
Miscellaneous
 V - a lightning rod (4/4)
Comestibles
 v - 55 rations


   Skills:
 * Level 7.6 Fighting
   Level 2.0(3.6) Axes
   Level 3.8(4.1) Maces & Flails
 - Level 2.6(3.0) Polearms
 * Level 10.2 Bows
 * Level 6.7 Armour
 * Level 4.8 Dodging
 - Level 10.0 Stealth
 - Level 10.0 Shields
 - Level 10.0 Spellcasting
 - Level 7.0 Conjurations
 * Level 12.4 Hexes
 - Level 6.0 Charms
 * Level 5.7 Summonings
 * Level 11.3 Necromancy
   Level 0.8 Translocations
 - Level 6.0 Ice Magic
 * Level 6.6 Air Magic
 * Level 13.3 Earth Magic
 - Level 12.3 Poison Magic
 - Level 10.0 Evocations


You had 3 spell levels left.
You knew the following spells:

 Your Spells              Type           Power        Failure   Level  Hunger
a - Borgnjor's Vile Clut  Necr/Erth      #######...   1%          5    ###....
b - Confuse               Hex            #######.     1%          3    None
c - Magic Dart            Conj           ####         1%          1    None
e - Mephitic Cloud        Conj/Pois/Air  ######..     1%          3    None
f - Summon Mana Viper     Hex/Summ       ######..     2%          5    ###....
g - Ozocubu's Armour      Chrm/Ice       ######..     1%          3    None
h - Slow                  Hex            #######.     1%          2    None
i - Lee's Rapid Deconstr  Erth           #######...   1%          5    ###....
j - Silence               Hex/Air        ######....   1%          5    ###....
m - Swiftness             Chrm/Air       ######..     1%          2    None
z - Sublimation of Blood  Necr           ######....   1%          2    None


Dungeon Overview and Level Annotations

Branches:
Dungeon (15/15)            Temple (1/1) D:4            Lair (6/6) D:9
 Shoals (4/4) Lair:3        Snake (4/4) Lair:2        Slime (0/5) Lair:5
    Orc (2/2) D:9             Elf (0/3) Orc:2        Vaults (0/5) D:13
 Depths (0/5) D:15

Altars:
Ashenzari
Cheibriados
Dithmenos
Elyvilon
Fedhas
Gozag
Hepliaklqana
Kikubaaqudgha
Makhleb
Nemelex Xobeh
Okawaru
Qazlal
Ru
Sif Muna
Trog
Uskayaw
Vehumet
Wu Jian
Xom
Yredelemnul
Zin
The Shining One
Beogh
Jiyva

Shops:
D:5 [   D:13 [   Orc:2 *!??*   Shoals:3 ?(   Snake:2 [   Snake:4 *=*[

Portals:
Trove: D:11 (give +4 demon blade)

Annotations:
Lair:5 1 runed door
Snake:1 2 transporters


Innate Abilities, Weirdness & Mutations

You cannot be hasted, slowed, berserked, paralysed or teleported.
You can dig through walls and to a lower floor.
Your four strong arms can wield two-handed weapons with a shield.
You have a pair of large antennae on your head. (SInv)
You possess an exceptional clarity of mind.
You are somewhat resistant to further mutation.
Your system is resistant to poisons. (rPois)
Potions are less effective at restoring your health.


Message History

You kill the water nymph!
Sif Muna accepts your kill.
Casting: Borgnjor's Vile Clutch
Confirm with . or Enter, or press ? or * to list all spells.
Aiming: Borgnjor's Vile Clutch
Press: ? - help, Dir - move target cursor, f - merfolk aquamancer
Aim: a merfolk aquamancer, wielding a rapier of speed and wearing a robe Decaying hands burst forth from the earth!
Zombie hands grab the merfolk aquamancer.
Sif Muna grants you divine energy.
You briefly lose access to your magic!
The zombie hands constrict the merfolk aquamancer!
The merfolk aquamancer gestures at you while chanting.
The shard of ice hits you! You partially resist.
The zombie hands constrict the merfolk aquamancer.
The merfolk aquamancer gestures at you while chanting.
The shard of ice hits you! You partially resist.
You die...

≈###(.)........≈≈≈≈≈≈≈≈≈≈≈≈≈≈≈≈≈≈
≈≈##...).......≈≈≈≈≈≈≈≈≈≈≈≈≈≈≈≈≈#
((.≈.≈)).......≈≈≈≈≈≈≈≈≈≈≈≈≈≈≈≈≈#
≈≈≈≈≈†).m.....≈≈≈≈≈≈≈≈≈≈≈≈≈≈≈≈≈≈#
≈≈≈≈≈((..m..).≈≈≈≈≈≈≈≈≈≈≈≈≈≈≈≈≈≈#
≈≈≈≈.#######m≈≈≈≈≈≈≈≈≈≈≈≈≈≈≈≈≈≈≈#
≈≈≈≈.# ##≈≈≈≈≈≈≈≈≈≈≈≈≈≈≈≈≈≈≈#
≈≈≈##≈# ##≈≈≈≈≈≈≈≈≈≈≈≈≈≈≈≈≈≈#
≈≈≈# #|m #≈≈@≈≈≈≈≈≈≈≈≈≈≈≈≈≈≈≈
≈≈≈# .≈# #≈≈≈≈≈≈≈≈≈≈≈≈≈≈≈≈≈≈[
≈≈≈# ## #≈≈≈≈≈≈≈≈≈≈≈≈≈≈≈≈≈≈. ≈≈≈
#≈≈≈≈≈≈≈≈≈≈≈≈≈≈≈≈≈≈≈ ≈≈≈ {
.#≈≈≈≈≈≈≈≈≈≈≈≈≈≈≈≈≈≈≈ ≈≈≈
#≈≈≈≈≈≈≈≈≈≈≈≈≈≈≈≈≈≈≈≈
#≈≈≈≈≈≈≈≈≈≈≈≈≈≈≈≈≈≈≈≈≈
#≈≈≈≈≈≈≈≈≈≈≈≈≈≈≈≈≈≈≈≈≈≈
≈≈≈≈≈≈≈≈≈≈≈≈≈≈≈≈≈≈≈≈≈≈≈≈


You could see a merfolk aquamancer.

Vanquished Creatures
  Bai Suzhen (Shoals:3)
  Polyphemus (Shoals:2)
  A kraken (Shoals:4)
  Gastronok (Lair:3)
  Roxanne (Snake:2)
  6 nagarajas
  Ilsuiw (Shoals:4)
  A fire giant (D:15)
  An ettin (Orc:2)
  2 merfolk javelineers
  Josephine (D:13)
  8 merfolk impalers
  A minotaur (Lab)
  5 merfolk avatars
  5 hydras
  The ghost of Lennu the Basher, a journeyman DsFi of Okawaru (Lair:1)
  8 anacondas
  26 naga warriors
  5 merfolk aquamancers
  2 ogre magi (Orc:2)
  3 centaur warriors
  2 dancing weapons (D:13)
  4 catoblepae
  11 two-headed ogres
  12 death yaks
  2 tengu warriors
  2 satyrs
  12 naga sharpshooters
  7 shock serpents
  Sonja (D:15)
  2 unseen horrors
  A fire crab (shapeshifter) (D:14)
  15 sea snakes
  2 deep trolls (Orc:2)
  A lindwurm (Lair:6)
  A wizard (D:14)
  11 naga ritualists
  12 ugly things
  An orc knight (Orc:1)
  12 harpies
  An orc sorcerer (Orc:1)
  2 deep elf magi (D:15)
  A wolf spider (Lair:6)
  12 fauns
  15 mana vipers
  15 manticores
  6 cyclopes
  8 elephants
  7 salamanders
  9 guardian serpents
  15 merfolk sirens
  29 naga magi
  6 water nymphs
  14 spiny frogs
  4 gargoyles
  A torpor snail (Lair:4)
  5 centaur skeletons
  42 black mambas
  5 rime drakes
  9 komodo dragons
  6 ice devils (IceCv)
  A tengu conjurer (D:13)
  A polar bear (shapeshifter) (D:14)
  28 merfolk
  10 trolls
  A polar bear (Lair:5)
  2 hornets
  A meliai (D:8)
  3 wind drakes (Shoals:2)
  4 blink frogs
  20 dream sheep
  A raiju (shapeshifter) (D:15)
  11 hippogriffs
  6 snapping turtles
  Sigmund (D:1)
  2 shadows
  5 wraiths
  8 water elementals
  4 redbacks
  A vampire (D:14)
  8 wyverns
  3 basilisks
  31 yaks
  3 vampire mosquitoes (D:12)
  A hungry ghost (D:9)
  4 acid dragons
  2 wargs (Orc:2)
  2 soldier ants
  52 nagas
  29 water moccasins
  4 porcupines
  2 sky beasts
  An eye of draining (D:13)
  19 orc warriors
  A necrophage (D:6)
  4 ice beasts
  4 phantoms
  A black bear (D:7)
  11 centaurs
  A wolf (Lair:6)
  27 ogres
  6 crocodiles
  4 big kobolds (D:9)
  5 gnoll sergeants
  21 bullfrogs
  A water moccasin skeleton (D:9)
  4 scorpions
  10 wights
  10 killer bees
  6 electric eels (D:8)
  3 howler monkeys
  2 bullfrog zombies
  A quasit (D:11)
  9 crimson imps
  6 hounds
  4 centaur zombies
  13 orc priests
  11 jellies
  21 orc wizards
  3 bullfrog skeletons
  4 iguanas
  10 worker ants
  A killer bee zombie (D:6)
  A hound zombie (D:7)
  A hound skeleton (D:5)
  2 howler monkey zombies (D:7)
  A worker ant zombie (D:5)
  11 adders
  11 gnolls
  A howler monkey skeleton (D:10)
  3 shadow imps
  7 white imps (IceCv)
  2 ufetubi (IceCv)
  6 oozes
  An adder zombie (D:9)
  5 worms
  2 dart slugs
  5 leopard geckos
  85 orcs
  2 ball pythons
  10 giant cockroaches
  4 goblins
  5 hobgoblins
  16 kobolds
  7 quokkas
  11 bats
  2 frilled lizards (D:3)
  2 quokka skeletons
  3 quokka zombies
  11 rats
  5 fungi
  10 plants
  4 tentacles (Shoals:4)
1115 creatures vanquished.

Vanquished Creatures (others)
  A black mamba (Snake:4)
  A gnoll (D:5)
  5 white imps (IceCv)
  7 ufetubi (IceCv)
  27 fungi
  11 plants
  8 tentacles (Shoals:4)
60 creatures vanquished.

Grand Total: 1175 creatures vanquished

Notes
Turn   | Place    | Note
-------+----------+-------------------------------------------
     0 | D:1      | DildoBatman the Formicid Wizard began the quest for the Orb.
     0 | D:1      | Reached XP level 1. HP: 13/13 MP: 4/4
    72 | D:1      | Reached skill level 1 in Conjurations
   328 | D:1      | Reached skill level 1 in Fighting
   328 | D:1      | Reached XP level 2. HP: 17/21 MP: 3/6
   838 | D:1      | Reached XP level 3. HP: 23/27 MP: 0/7
   990 | D:2      | Noticed Sigmund
  1335 | D:2      | Learned a level 2 spell: Slow
  1339 | D:2      | Learned a level 3 spell: Mephitic Cloud
  1453 | D:2      | Reached XP level 4. HP: 34/34 MP: 3/8
  1514 | D:2      | Reached skill level 1 in Hexes
  2484 | D:3      | Found a deep blue altar of Sif Muna.
  2488 | D:3      | Became a worshipper of Sif Muna the Loreminder
  2529 | D:2      | Reached XP level 5. HP: 21/39 MP: 0/9
  2725 | D:3      | Reached skill level 1 in Polearms
  2725 | D:3      | Reached skill level 1 in Evocations
  3274 | D:3      | Reached XP level 6. HP: 21/47 MP: 0/10
  3279 | D:3      | Identified Sif Muna's Handbook of Dislocation
  3776 | D:4      | Found a staircase to the Ecumenical Temple.
  3786 | Temple   | Entered the Ecumenical Temple
  4364 | D:4      | Reached skill level 1 in Poison Magic
  4730 | D:4      | Noticed a phantom
  4754 | D:4      | Killed a phantom
  4754 | D:4      | Reached skill level 1 in Air Magic
  4754 | D:4      | Reached XP level 7. HP: 46/52 MP: 0/11
  4933 | D:4      | Reached skill level 1 in Axes
  5120 | D:5      | Entered Level 5 of the Dungeon
  5340 | D:5      | Found Utint's Antique Armour Boutique.
  5349 | D:5      | Bought a pair of glowing boots for 150 gold pieces
  5778 | D:5      | Found an opulent altar of Gozag.
  5865 | D:5      | Reached XP level 8. HP: 40/58 MP: 12/12
  5971 | D:5      | Reached * piety under Sif Muna
  6466 | D:1      | Killed Sigmund
  6466 | D:1      | Reached skill level 1 in Armour
  6578 | D:6      | Reached skill level 5 in Poison Magic
  6759 | D:5      | Reached skill level 1 in Maces & Flails
  7651 | D:5      | Reached XP level 9. HP: 55/65 MP: 8/14
  8055 | D:6      | Reached skill level 5 in Hexes
  8745 | D:7      | Reached ** piety under Sif Muna
  9681 | D:8      | Noticed a meliai
  9693 | D:8      | Killed a meliai
  9693 | D:8      | Reached skill level 5 in Air Magic
  9693 | D:8      | Reached XP level 10. HP: 35/71 MP: 9/16
  9800 | D:8      | Noticed a two-headed ogre
  9819 | D:8      | Killed a two-headed ogre
  9819 | D:8      | Reached *** piety under Sif Muna
  9857 | D:8      | Got a faintly humming leather armour
  9868 | D:8      | Identified the +2 leather armour of the Failed Coup {MR+ MP+9 Int+2} (You found it on level 8 of the Dungeon)
  9872 | D:8      | Learned a level 3 spell: Ozocubu's Armour
 10145 | D:9      | Found a shimmering altar of Xom.
 10150 | D:9      | Found a shimmering altar of Xom.
 10150 | D:9      | Found a shimmering altar of Xom.
 10151 | D:9      | Found a shimmering altar of Xom.
 10151 | D:9      | Found a shimmering altar of Xom.
 10152 | D:9      | Found a shimmering altar of Xom.
 10154 | D:9      | Noticed a death yak
 10216 | D:9      | Noticed a death yak
 10221 | D:9      | Noticed a death yak
 10354 | D:9      | Reached skill level 1 in Charms
 10399 | D:9      | Reached skill level 5 in Stealth
 10463 | D:9      | Noticed a two-headed ogre
 10491 | D:9      | Reached skill level 1 in Ice Magic
 10512 | D:9      | Killed a two-headed ogre
 10678 | D:9      | Reached skill level 5 in Fighting
 10763 | D:9      | Reached skill level 5 in Spellcasting
 10776 | D:9      | Found a staircase to the Orcish Mines.
 10825 | D:9      | Reached XP level 11. HP: 79/79 MP: 8/18
 11014 | D:9      | Reached **** piety under Sif Muna
 11037 | D:9      | Noticed a two-headed ogre
 11040 | D:9      | Noticed a death yak
 11043 | D:9      | Noticed a death yak
 11049 | D:9      | Noticed a death yak
 11049 | D:9      | Noticed a death yak
 11065 | D:9      | Killed a death yak
 11262 | D:9      | Reached skill level 5 in Conjurations
 11277 | D:9      | Found a staircase to the Lair.
 11520 | D:9      | Killed a two-headed ogre
 11569 | D:10     | Entered Level 10 of the Dungeon
 11697 | Orc:1    | Entered Level 1 of the Orcish Mines
 11704 | Orc:1    | Noticed an orc sorcerer
 11847 | Orc:1    | Killed an orc sorcerer
 11847 | Orc:1    | Reached skill level 10 in Poison Magic
 11947 | Orc:2    | Entered Level 2 of the Orcish Mines
 12559 | Orc:1    | Reached ***** piety under Sif Muna
 12823 | Orc:2    | Found a staircase to the Elven Halls.
 12919 | Orc:2    | Identified Ceefeati's Handbook of Necromancy and Feathers (Sif Muna gifted it to you on level 2 of the Orcish Mines)
 12919 | Orc:2    | Received a gift from Sif Muna
 13113 | Orc:1    | Found a roughly hewn altar of Beogh.
 13138 | Orc:1    | Noticed an orc knight
 13194 | Orc:1    | Killed an orc knight
 13483 | Orc:2    | Found Foah's Assorted Antiques.
 13518 | Orc:2    | Bought a wand of flame (29) for 22 gold pieces
 13518 | Orc:2    | Bought a scroll labeled NEMMAKHL ESEN for 22 gold pieces
 13518 | Orc:2    | Bought 2 glowing yellow potions for 39 gold pieces
 13518 | Orc:2    | Bought a puce potion for 19 gold pieces
 13518 | Orc:2    | Bought 3 scrolls labeled NEMMAKHL ESEN for 66 gold pieces
 13650 | Orc:2    | Noticed a two-headed ogre
 13652 | Orc:2    | Noticed a two-headed ogre
 13683 | Orc:2    | Killed a two-headed ogre
 13683 | Orc:2    | Reached XP level 12. HP: 67/86 MP: 12/19
 13689 | Orc:2    | Noticed a deep troll
 13706 | Orc:2    | Killed a two-headed ogre
 13754 | Orc:2    | Noticed a two-headed ogre
 13756 | Orc:2    | Noticed a two-headed ogre
 13772 | Orc:2    | Noticed an ogre mage
 13786 | Orc:2    | Noticed a two-headed ogre
 13788 | Orc:2    | Noticed a two-headed ogre
 13812 | Orc:2    | Killed a two-headed ogre
 13820 | Orc:2    | Killed a two-headed ogre
 14077 | Orc:2    | Noticed a two-headed ogre
 14435 | Orc:2    | Killed a deep troll
 14435 | Orc:2    | Reached skill level 10 in Hexes
 14461 | Orc:2    | Noticed an ogre mage
 14523 | Orc:1    | Killed a two-headed ogre
 14668 | Orc:2    | Noticed a deep troll
 14700 | Orc:2    | Killed a deep troll
 14876 | Orc:2    | Killed a two-headed ogre
 15005 | Orc:2    | Killed a two-headed ogre
 15125 | Orc:2    | Noticed an ettin
 15292 | Orc:2    | Killed an ogre mage
 15328 | Orc:2    | Killed an ettin
 15328 | Orc:2    | Identified Sif Muna's Collected Works on Shape Shifting (Sif Muna gifted it to you on level 2 of the Orcish Mines)
 15328 | Orc:2    | Received a gift from Sif Muna
 15375 | Orc:2    | Reached XP level 13. HP: 66/91 MP: 3/22
 15476 | Orc:2    | Found Iciomi's Magic Scroll Shop.
 15477 | Orc:2    | Found Yxtetubb's Distillery.
 15482 | Orc:2    | Found Dilolioch's General Store.
 15489 | Orc:2    | Bought a potion of degeneration for 15 gold pieces
 15491 | Orc:2    | Found Ruddaheo's Magic Scroll Boutique.
 15501 | Orc:2    | Bought a scroll of enchant armour for 127 gold pieces
 15501 | Orc:2    | Bought a scroll of magic mapping for 59 gold pieces
 16489 | D:10     | Reached skill level 1 in Shields
 16648 | D:11     | Learned a level 2 spell: Swiftness
 17187 | D:11     | Found a portal to a secret trove of treasure.
 17636 | D:11     | Reached skill level 5 in Shields
 17983 | Lair:1   | Entered Level 1 of the Lair of Beasts
 17994 | Lair:1   | Noticed Lennu's ghost (journeyman DsFi)
 18104 | Lair:1   | Found a frozen archway.
 18154 | IceCv    | Entered an ice cave
 19355 | IceCv    | Noticed a reaper
 20425 | Lair:1   | Killed Lennu's ghost
 20716 | Lair:2   | Found a staircase to the Snake Pit.
 21433 | Lair:2   | You are sucked into a shaft!
 21436 | Lair:3   | Got an encrusted cloak
 21447 | Lair:3   | Identified the +2 cloak of Ataoquod {rElec Str+4 Slay-5} (You found it on level 3 of the Lair of Beasts)
 21511 | Lair:3   | Found a labyrinth entrance.
 21518 | Lab      | Entered a labyrinth
 21802 | Lab      | Noticed a minotaur
 21862 | Lab      | Killed a minotaur
 21874 | Lab      | Got a pair of shimmering gloves
 21886 | Lab      | Got a bloodstained shortbow
 21955 | Lair:3   | Identified the +2 pair of gloves of the Thunderstorm {rPois Regen+ Str+2} (You found it in a labyrinth)
 21963 | Lair:3   | Identified the +10 shortbow of Past Mistakes {freeze, Int+3} (You found it in a labyrinth)
 22002 | Lair:3   | Noticed Gastronok
 22027 | Lair:3   | Noticed a six-headed hydra
 22043 | Lair:3   | Killed a six-headed hydra
 22083 | Lair:3   | Found a staircase to the Shoals.
 22111 | Lair:3   | Reached XP level 14. HP: 98/98 MP: 14/24
 22273 | Lair:3   | Reached skill level 1 in Bows
 22365 | Lair:3   | Got a clouded bronze ring
 22367 | Lair:3   | Identified the ring "Dullozif" {AC+3 Int+6} (You found it on level 3 of the Lair of Beasts)
 22756 | Lair:4   | Reached skill level 5 in Evocations
 22808 | Lair:4   | Reached skill level 5 in Armour
 23035 | Lair:4   | Received a gift from Sif Muna
 23659 | Lair:5   | Learned a level 5 spell: Borgnjor's Vile Clutch
 23905 | Lair:5   | Reached skill level 1 in Earth Magic
 23921 | Lair:5   | Found a runed door.
 23922 | Lair:5   | Found a viscous altar of Jiyva.
 23922 | Lair:5   | Noticed an azure jelly
 23933 | Lair:5   | Noticed an azure jelly
 23934 | Lair:5   | Noticed an azure jelly
 23944 | Lair:5   | Reached skill level 1 in Necromancy
 23946 | Lair:5   | Found a staircase to the Slime Pits.
 24228 | Lair:5   | Reached skill level 2 in Earth Magic
 24625 | Lair:6   | Entered Level 6 of the Lair of Beasts
 24685 | Lair:5   | Reached skill level 3 in Earth Magic
 25018 | Lair:6   | Reached skill level 4 in Earth Magic
 25494 | Lair:6   | Reached skill level 5 in Earth Magic
 25494 | Lair:6   | Reached XP level 15. HP: 78/105 MP: 3/25
 26141 | Lair:6   | Reached skill level 5 in Necromancy
 26141 | Lair:6   | Reached skill level 6 in Earth Magic
 26509 | Lair:6   | Reached skill level 5 in Bows
 26716 | Lair:6   | Reached skill level 7 in Earth Magic
 26862 | Lair:6   | Identified Sif Muna's Guide on the Mountains and Transformation (Sif Muna gifted it to you on level 6 of the Lair of Beasts)
 26862 | Lair:6   | Received a gift from Sif Muna
 27131 | Lair:3   | Killed Gastronok
 27274 | D:9      | Reached skill level 8 in Earth Magic
 28271 | D:13     | Found Mimih's Antique Armour Shoppe.
 28281 | D:13     | Bought a smelly scale mail for 306 gold pieces
 28292 | D:13     | Identified the +4 scale mail of Feex {rElec rPois MR- Slay+2} (You bought it in a shop on level 13 of the Dungeon)
 28366 | D:13     | Found a gate to the Vaults.
 28370 | D:13     | Reached skill level 9 in Earth Magic
 28609 | D:13     | Reached XP level 16. HP: 111/111 MP: 20/26
 28715 | D:13     | Noticed Josephine
 28722 | D:13     | Killed Josephine
 28807 | D:13     | Found Rudeh's Antique Armour Shoppe.
 29424 | D:14     | Found a shimmering altar of Xom.
 30208 | D:14     | Reached skill level 10 in Earth Magic
 30518 | D:15     | Entered Level 15 of the Dungeon
 30520 | D:15     | Found a staircase to the Depths.
 30520 | D:15     | Noticed a fire giant
 30530 | D:15     | Killed a fire giant
 30530 | D:15     | Identified Wydesooz's Volume of Talismans and Illusion (Sif Muna gifted it to you on level 15 of the Dungeon)
 30530 | D:15     | Received a gift from Sif Muna
 30843 | D:15     | Noticed Sonja
 30845 | D:15     | Killed Sonja
 30860 | D:15     | Learned a level 5 spell: Summon Mana Viper
 30996 | D:15     | Found a blossoming altar of Fedhas.
 31492 | D:9      | Learned a level 5 spell: Lee's Rapid Deconstruction
 31580 | Snake:1  | Entered Level 1 of the Snake Pit
 31580 | Snake:1  | Found a transporter.
 31975 | Snake:1  | Found a transporter.
 32553 | Snake:2  | Found Iwkenk's Armour Boutique.
 32583 | Snake:2  | Bought the +2 shield of Resistance {rF+ rC+ MR+} for 698 gold pieces
 32583 | Snake:2  | Found the +2 shield of Resistance {rF+ rC+ MR+}
 32583 | Snake:2  | Bought a +0 pair of boots of running for 535 gold pieces
 32782 | Lair:1   | Gained mutation: Potions are less effective at restoring your health. [potion of mutation]
 32782 | Lair:1   | Gained mutation: Your flesh is cold resistant. (rC+) [potion of mutation]
 32783 | Lair:1   | Lost mutation: Your flesh is cold resistant. (rC+) [potion of mutation]
 32783 | Lair:1   | Gained mutation: You possess an exceptional clarity of mind. [potion of mutation]
 32783 | Lair:1   | Gained mutation: Your system is resistant to poisons. (rPois) [potion of mutation]
 32783 | Lair:1   | Gained mutation: You are somewhat resistant to further mutation. [potion of mutation]
 32897 | Snake:2  | Reached XP level 17. HP: 118/118 MP: 18/27
 32919 | Snake:2  | Noticed Roxanne
 32937 | Snake:2  | Killed Roxanne
 33881 | Snake:3  | Reached skill level 11 in Earth Magic
 33926 | Snake:3  | Reached skill level 5 in Charms
 33949 | Snake:3  | Received a gift from Sif Muna
 34086 | Snake:3  | Reached skill level 5 in Ice Magic
 34695 | Snake:4  | Entered Level 4 of the Snake Pit
 34835 | Snake:4  | Reached ****** piety under Sif Muna
 34948 | Snake:4  | Reached skill level 10 in Shields
 34966 | Snake:4  | Found Niuhelom's General Store.
 34974 | Snake:4  | Found Res Raerr's Antique Armour Shop.
 34974 | Snake:4  | Found Qoggufue's General Store.
 35158 | Snake:4  | Reached XP level 18. HP: 126/127 MP: 5/30
 35204 | Snake:4  | Found Xorameog's Jewellery Boutique.
 35257 | Snake:4  | Bought a pair of distressingly furry boots for 427 gold pieces
 35276 | Snake:4  | Identified the cursed +0 pair of boots "Fipit" {rElec Int+3} (You bought it in a shop on level 4 of the Snake Pit)
 35553 | Snake:4  | Reached skill level 10 in Necromancy
 35670 | Snake:4  | Identified Mownup's Handbook of Clay and Necromancy (Sif Muna gifted it to you on level 4 of the Snake Pit)
 35670 | Snake:4  | Received a gift from Sif Muna
 35832 | Snake:4  | Reached skill level 5 in Summonings
 36001 | Snake:4  | Reached skill level 12 in Earth Magic
 36083 | Snake:4  | Got a serpentine rune of Zot
 36740 | D:9      | Learned a level 5 spell: Silence
 36743 | D:9      | Learned a level 2 spell: Sublimation of Blood
 36864 | Shoals:1 | Entered Level 1 of the Shoals
 37836 | Shoals:1 | Reached XP level 19. HP: 91/132 MP: 23/32
 37906 | Shoals:1 | Learned a level 3 spell: Confuse
 37955 | Shoals:2 | Reached skill level 10 in Stealth
 38574 | Shoals:2 | Noticed Polyphemus
 38593 | Shoals:2 | Killed Polyphemus
 39065 | Shoals:3 | Found a flickering gateway to a bazaar.
 39069 | Bazaar   | Entered a bazaar
 39071 | Bazaar   | Found Ysafar's Magic Scroll Boutique.
 39075 | Bazaar   | Found Honewab's Armour Boutique.
 39075 | Bazaar   | Found Zius's Jewellery Boutique.
 39076 | Bazaar   | Found Toatem's Antique Armour Boutique.
 39109 | Bazaar   | Bought a scroll of enchant weapon for 67 gold pieces
 39109 | Bazaar   | Bought a scroll of identify for 18 gold pieces
 39109 | Bazaar   | Bought a scroll of identify for 18 gold pieces
 39109 | Bazaar   | Bought a scroll of fog for 18 gold pieces
 39417 | Shoals:3 | Reached skill level 13 in Earth Magic
 39488 | Shoals:3 | Reached skill level 10 in Spellcasting
 39498 | Shoals:3 | Reached skill level 10 in Evocations
 39503 | Shoals:3 | Received a gift from Sif Muna
 39538 | Shoals:3 | Found Emmaf's Antique Weapon Emporium.
 39544 | Shoals:3 | Reached skill level 10 in Bows
 39847 | Shoals:3 | Noticed Bai Suzhen
 39860 | Shoals:3 | Killed Bai Suzhen
 39866 | Shoals:3 | Found Vyirysa's Magic Scroll Shop.
 40097 | Shoals:4 | Entered Level 4 of the Shoals
 40621 | Shoals:4 | Reached XP level 20. HP: 139/139 MP: 24/34
 40703 | Shoals:4 | Got a barnacled rune of Zot
 41045 | Shoals:4 | Noticed Ilsuiw
 41065 | Shoals:4 | Killed Ilsuiw
 41087 | Shoals:4 | HP: 6/140 [merfolk aquamancer/shard of ice (28)]
 41088 | Shoals:4 | Killed from afar by a merfolk aquamancer

Skill      XL: |  1  2  3  4  5  6  7  8  9 10 11 12 13 14 15 16 17 18 19 |
---------------+----------------------------------------------------------+-----
Conjurations   | 1 2 3 4 5 6 7 |  7.0
Fighting       | 1 2 3 4 5 6 7 |  7.6
Hexes          | 1 2 3 4 5 7 10 12 | 12.4
Polearms       | 1 2 |  2.6
Evocations     | 1 2 3 4 6 7 8 10 | 10.0
Poison Magic   | 1 4 5 7 8 11 12 | 12.3
Air Magic      | 1 2 5 6 |  6.6
Axes           | 1 2 |  2.0
Armour         | 1 3 4 5 6 |  6.7
Dodging        | 2 3 4 |  4.8
Stealth        | 3 4 5 6 7 9 10 | 10.0
Maces & Flails | 1 2 3 |  3.8
Spellcasting   | 4 5 6 7 8 9 10 | 10.0
Charms         | 2 4 5 6 |  6.0
Ice Magic      | 2 4 5 6 |  6.0
Shields        | 9 10 | 10.0
Bows           | 4 6 8 9 10 | 10.2
Earth Magic    | 5 9 10 11 12 13 | 13.3
Necromancy     | 4 7 9 10 11 | 11.3
Summonings     | 2 4 5 |  5.7
Translocations | |  0.8

Action                   |  1- 3 |  4- 6 |  7- 9 | 10-12 | 13-15 | 16-18 | 19-21 || total
-------------------------+-------+-------+-------+-------+-------+-------+-------++-------
Melee: Unarmed           |    51 |    29 |       |       |       |       |       ||    80
       Spear             |       |    94 |    56 |   144 |    30 |       |       ||   324
       Hand axe          |       |    12 |    99 |       |       |       |       ||   111
       Whip              |       |       |   213 |   587 |   302 |       |       ||  1102
       Demon trident     |       |       |       |       |  1073 |       |     6 ||  1079
       Halberd           |       |       |       |       |   182 |       |       ||   182
 Fire: Shortbow          |       |       |       |       |   135 |  1053 |   340 ||  1528
Throw: Throwing net      |       |       |       |     1 |       |       |       ||     1
 Cast: Magic Dart        |    74 |   194 |   125 |    73 |   111 |       |       ||   577
       Mephitic Cloud    |       |       |    25 |   140 |    61 |       |     1 ||   227
       Slow              |       |       |    17 |    76 |   107 |       |       ||   200
       Ozocubu's Armour  |       |       |       |    32 |    46 |    13 |     8 ||    99
       Borgnjor's Vile C |       |       |       |       |    52 |   197 |   113 ||   362
       Lee's Rapid Decon |       |       |       |       |       |     4 |       ||     4
       Sublimation of Bl |       |       |       |       |       |       |    11 ||    11
Invok: Divine Energy     |       |       |     1 |       |       |       |       ||     1
 Abil: Dig               |     3 |     3 |     8 |    39 |    70 |     7 |    11 ||   141
Evoke: Wand              |       |     2 |    12 |     1 |    43 |       |     1 ||    59
  Use: Scroll            |       |     2 |       |     7 |     9 |    15 |     2 ||    35
       Potion            |       |       |       |     3 |       |     2 |     1 ||     6
 Stab: Paralysed         |       |     1 |       |       |    21 |       |       ||    22
       Confused          |       |       |    12 |    42 |    28 |       |       ||    82
       Sleeping          |       |       |     2 |       |     8 |       |       ||    10
       Distracted        |       |       |       |       |     1 |       |       ||     1
  Eat: Chunk             |     2 |    10 |    16 |    26 |    70 |    59 |    15 ||   198
       Ration            |       |       |     1 |     2 |     4 |       |       ||     7
Armor: Robe              |    11 |       |       |       |       |       |       ||    11
       Ring mail         |    13 |   115 |   178 |     1 |       |       |       ||   307
       Leather armour    |       |       |       |   166 |       |       |       ||   166
       Troll leather arm |       |       |       |    22 |   563 |   140 |    76 ||   801
Dodge: Dodged            |    50 |   135 |   199 |   276 |   553 |   137 |   101 ||  1451
Block: Shield            |       |       |       |       |   649 |   241 |   148 ||  1038
